 Dungeon Crawl Stone Soup version 0.30-b1-6-gad0e9d6a2d (webtiles) character file.

Game seed: 1145917731347058898

329 selen221 the Carver (level 6, -6/44 HPs)
             Began as a Merfolk Gladiator on May 5, 2023.
             Killed by an exploding goblin (23 damage)
             ... ignited by their inner flame
             ... on level 4 of the Dungeon.
             The game lasted 00:03:45 (2839 turns).

selen221 the Carver (Merfolk Gladiator)             Turns: 2839, Time: 00:03:46

Health: -6/44      AC:  5    Str: 21    XL:     6   Next: 50%
Magic:  6/6        EV: 13    Int:  7    God:
Gold:   206        SH:  0    Dex: 17    Spells: 5/5 levels left

rFire   . . .        a - +0 long sword
rCold   . . .        (no shield)
rNeg    . . .        b - +0 leather armour
rPois   +            c - +0 helmet
rElec   .            (no cloak)
rCorr   .            (no gloves)
SInv    .            k - +0 pair of boots {Stlth+}
Will    .....        (no amulet)
Stlth   ++           o - ring of poison resistance
HPRegen 0.27/turn    x - +6 ring of strength
MPRegen 0.10/turn

%: no passive effects
@: no status effects
A: (nimble swimmer 2), mertail
a: no special abilities


You were on level 4 of the Dungeon.
You visited 1 branch of the dungeon, and saw 4 of its levels.

You collected 206 gold pieces.

Inventory:

Hand Weapons
 a - a +0 long sword (weapon)
Missiles
 d - 3 throwing nets (quivered)
 e - a javelin
Armour
 b - a +0 leather armour (worn)
 c - a +0 helmet (worn)
 k - a +0 pair of boots of stealth (worn)
Jewellery
 o - a ring of poison resistance (left hand)
 x - a +6 ring of strength (right hand)
Wands
 s - a wand of digging (13)
Scrolls
 h - a scroll of immolation
 j - a scroll of identify {unknown}
 l - a scroll of summoning
 m - 2 scrolls of teleportation {unknown}
 p - a scroll of enchant armour {unknown}
 r - a scroll of torment {unknown}
 t - a scroll of amnesia {unknown}
 v - a scroll of silence {unknown}
 y - a scroll of fear {unknown}
Potions
 g - a potion of flight {unknown}
 i - a potion of berserk rage {unknown}
 n - a potion of brilliance {unknown}
 q - 2 potions of curing {unknown}
 u - 2 potions of resistance {unknown}
 w - a potion of degeneration {unknown}
 z - a potion of haste {unknown}
 A - a potion of magic {unknown}
 B - a potion of lignification {unknown}


   Skills:
 - Level 2.1 Fighting
 + Level 8.5 Long Blades
 - Level 2.0 Throwing
 - Level 4.0 Dodging


You had 5 spell levels left.
You didn't know any spells.
Your spell library contained the following spells:

 Spells                   Type           Power      Damage    Failure   Level
 Magic Dart               Conj           0%         1d3       47%         1
 Blink                    Tloc           0%         N/A       63%         2
 Call Imp                 Summ           0%         N/A       63%         2
 Lesser Beckoning         Tloc           0%         N/A       63%         2
 Momentum Strike          Conj/Tloc      0%         3d8       63%         2
 Mephitic Cloud           Conj/Pois/Air  0%         N/A       85%         3


Dungeon Overview and Level Annotations

Branches:
Dungeon (4/15)
 Temple: D:4-7

Altars:
Kikubaaqudgha
Makhleb
Ru

Shops:
D:1 :   D:3 [

Annotations:
D:4 Robin


Innate Abilities, Weirdness & Mutations

((You are very nimble when in or above water. (Stealth+, EV+, Speed+++)))
Your lower body shifts to a powerful aquatic tail in water.


Message History

The goblin barely misses you. The goblin completely misses you.
The goblin shouts!
You hit the hobgoblin.
The hobgoblin is heavily wounded.
The goblin no longer looks unusually strong.
The goblin barely misses you. The goblin hits you but does no damage.
The hobgoblin completely misses you. The goblin hits you but does no damage.
Robin roars a battlecry!
The goblins go into a battle-frenzy!
The goblin hits you but does no damage.
You slash the hobgoblin!
You kill the hobgoblin!
The goblin no longer looks unusually strong.
The goblin hits you but does no damage. The goblin closely misses you.
The goblin hits you with a +0 dagger. The goblin barely misses you.
Robin roars a battlecry!
The goblin goes into a battle-frenzy!
The goblin hits you but does no damage.
As you read the scroll labelled ARUBUBR VEUNWU, it crumbles to dust.
The creatures around you are filled with an inner flame!
It was a scroll of immolation.
The goblin barely misses you.
The goblin hits you but does no damage. x3; The goblin barely misses you.
The goblin misses you.
As you read the scroll labelled HANOUF MIOGUA, it crumbles to dust.
Wisps of shadow whirl around you...
It was a scroll of summoning.
The goblin no longer looks unusually strong. x2
The goblin hits you with a +0 dagger. The goblin closely misses you.
The goblin hits your adder with a +0 club.
The goblin hits you but does no damage. The goblin misses you.
The goblin hits you with a +0 dagger. The goblin barely misses you.
As you read the scroll labelled COESTYOMMU, it crumbles to dust.
You feel aware of your surroundings.
It was a scroll of magic mapping.
The goblin no longer looks unusually strong.
Your hound bites the goblin.
Flame seeps out of the goblin.
Your adder bites the goblin.
Flame seeps out of the goblin.
The goblin is engulfed in blazing flames.
The goblin explodes!
The fiery explosion engulfs you!!
Ouch! That really hurt!
You die...

##########+###......######'####
*,,,,#.................
*,,,,#.................
*,,,,#.................
***,,#.................
######................
#....#§h..............
#...g#○...............
#..gg@g....####'####..
#..Sg#g....#.......'..
####g#g....#.......#..
#..g..######.......#.. #.g...#
#........#.. **########.....#
#........#.. *,........)....#
#....##..#.. *,..g..........#
#....####### *,g.......######
#.....# #


You could see Robin (inner flame), a hobgoblin (inner flame, strong), 8 goblins,
a friendly hound (summoned) and a friendly adder (summoned).

Vanquished Creatures
  An ogre (D:4)
  2 hounds
  An orc priest (D:3)
  An orc wizard (D:4)
  5 adders
  2 worms
  2 dart slugs
  11 orcs
  4 endoplasms
  4 giant cockroaches
  9 goblins
  6 hobgoblins
  A jackal (D:4)
  4 quokkas
  3 ball pythons
  6 bats
  A frilled lizard (D:1)
  6 kobolds (D:1)
  5 rats
74 creatures vanquished.

Notes
Turn   | Place    | Note
-------+----------+-------------------------------------------
     0 | D:1      | selen221 the Merfolk Gladiator began the quest for the Orb.
     0 | D:1      | Reached XP level 1. HP: 16/16 MP: 1/1
   227 | D:1      | Reached skill level 4 in Long Blades
   299 | D:1      | Reached XP level 2. HP: 22/22 MP: 2/2
   349 | D:1      | Found Yje Vaq's Book Shoppe.
   947 | D:2      | Reached skill level 5 in Long Blades
   947 | D:2      | Reached XP level 3. HP: 27/27 MP: 3/3
  1097 | D:2      | Found a burning altar of Makhleb.
  1217 | D:2      | Reached XP level 4. HP: 33/33 MP: 4/4
  1390 | D:2      | Reached skill level 6 in Long Blades
  1567 | D:3      | Found Luil's Antique Armour Shoppe.
  1739 | D:3      | Reached XP level 5. HP: 11/38 MP: 5/5
  2106 | D:3      | Reached skill level 7 in Long Blades
  2276 | D:4      | Noticed an ogre
  2277 | D:4      | Noticed an ice beast
  2538 | D:4      | Found a sacrificial altar of Ru.
  2552 | D:4      | Reached XP level 6. HP: 38/44 MP: 6/6
  2553 | D:4      | Reached skill level 8 in Long Blades
  2653 | D:4      | Found an ancient bone altar of Kikubaaqudgha.
  2820 | D:4      | Noticed Robin
  2839 | D:4      | Killed by an exploding goblin... ignited by their inner
                  | flame

Illustrated notes

Levels and vault maps discovered:
D:1:      minmay_arrival_split_and_join, layout_basic, serial_shops, shop
D:2:      layout_loops_cross, basic_altar
D:3:      layout_rooms, serial_shops, shop, chequers_serial_rivers_large_b
D:4:      layout_gridville, nicolae_ru_great_annihilating_truth,
          marbit_many_paths, uniq_menkaure, uniq_robin

Skill      XL: |  1  2  3  4  5  6 |
---------------+-------------------+-----
Long Blades    | 4 5 6 7 8 |  8.5
Fighting       | |  2.1
Throwing       | |  2.0
Dodging        | |  4.0

Action                     |  1- 3 |  4- 6 || total
---------------------------+-------+-------++-------
  Melee: Long sword        |    87 |   143 ||   230
         Punch             |     2 |       ||     2
  Throw: Throwing net      |       |     2 ||     2
    Use: Scroll            |       |     3 ||     3
   Stab: Sleeping          |     2 |     9 ||    11
         Held in net/web   |       |     1 ||     1
 Armour: Leather armour    |    32 |    51 ||    83
  Dodge: Dodged            |    63 |   115 ||   178
